 Dungeon Crawl Stone Soup version 0.30.1-9-gdf580d7c3d (webtiles) character file.

Game seed: 5477832042151126372

215830 lonewolfV2 the End of an Era (level 18, -19/140 HPs)
             Began as a Demonspawn Fighter on Oct 26, 2023.
             Was the Champion of Qazlal.
             Demolished by an acid blob (22 damage)
             ... on level 2 of the Pits of Slime.
             The game lasted 01:08:50 (26888 turns).

lonewolfV2 the End of an Era (Demonspawn Fighter)  Turns: 26888, Time: 01:08:51

Health: -19/140    AC:  8    Str: 31    XL:     18   Next: 34%
Magic:  0/32       EV: 24    Int: 11    God:    Qazlal [******]
Gold:   3057       SH:  0    Dex: 25    Spells: 17/17 levels left

rFire   + . .        b - +10 broad axe of Exoneration {flame, rN+ Int+2 Dex+2}
rCold   + . .        H - +4 kite shield {reflect}
rNeg    + + +        f - +5 scale mail of the Villain {Dex+4}
rPois   +            L - +2 hat
rElec   +            W - +2 cloak {rCorr}
rCorr   +            X - +2 pair of gloves
SInv    .            (boots unavailable)
Will    +....        F - amulet of Ocefeneh {Acrobat -Cast Fly rPois rN++} Stlth
                     R - +6 ring of strength
HPRegen 3.43/turn    x - +6 ring of dexterity
MPRegen 0.46/turn

%: no spellcasting, random rage (9%), repel missiles, reflection, acrobat,
guardian spirit
@: confused, resistant, ambrosia-drunk, corroded, flying, studying Invocations,
invisible
A: hooves 3, thin metallic scales 3, powered by death 2, magic shield, magic
regeneration, magic link, berserk 2, wild magic 1, no potion heal 1, sturdy
frame 1
}: 1/15 runes: serpentine
a: Renounce Religion, Upheaval, Elemental Force, Disaster Area


You were on level 2 of the Pits of Slime.
You worshipped Qazlal.
Qazlal was exalted by your worship.
You visited 7 branches of the dungeon, and saw 30 of its levels.
You visited the Abyss 2 times.

You collected 3577 gold pieces.
You spent 520 gold pieces at shops.

Inventory:

Hand Weapons
 b - the +10 broad axe of Exoneration (weapon) {flame, rN+ Int+2 Dex+2}
   (You bought it in a shop on level 4 of the Dungeon)

   Int:       It affects your intelligence (+2).
   Dex:       It affects your dexterity (+2).
   rN:        It protects you from negative energy.
 D - the +3 Elemental Staff {rElec rF+ rC+ AC+3}
   (You took it off a tengu reaver on level 14 of the Dungeon)

   It enhances your fire, ice, earth and air magic.
   AC:        It affects your AC (+3).
   rF:        It protects you from fire.
   rC:        It protects you from cold.
   rElec:     It insulates you from electricity.
 Z - the +6 war axe "Peteuss" {protect, rC++ rN+++ Will-}
   (You found it on level 3 of the Lair of Beasts)

   rC:        It greatly protects you from cold.
   rN:        It renders you almost immune to negative energy.
   Will:      It decreases your willpower.
Armour
 f - the +5 scale mail of the Villain (worn) {Dex+4}
   (You found it on level 9 of the Dungeon)

   Dex:       It affects your dexterity (+4).
 H - a +4 kite shield of reflection (worn)
 L - a +2 hat (worn)
 W - a +2 cloak of preservation (worn)
 X - a +2 pair of gloves (worn)
Jewellery
 w - a ring of see invisible
 x - a +6 ring of dexterity (right hand)
 F - the amulet of Ocefeneh (around neck) {Acrobat -Cast Fly rPois rN++}
   (You found it on level 8 of the Dungeon)

   [amulet of the acrobat]

   It increases your evasion while moving and waiting.
   rPois:     It protects you from poison.
   rN:        It greatly protects you from negative energy.
   Fly:       It grants you flight.
   -Cast:     It prevents spellcasting.
 P - an amulet of regeneration
 Q - a ring of protection from fire
 R - a +6 ring of strength (left hand)
Wands
 d - a wand of roots (20)
 i - a wand of mindburst (8) (quivered)
 z - a wand of flame (47)
 J - a wand of paralysis (13)
 M - a wand of light (2)
 T - a wand of polymorph (13)
Scrolls
 c - 5 scrolls of magic mapping
 h - a scroll of brand weapon
 j - 4 scrolls of amnesia
 m - 4 scrolls of vulnerability
 o - 6 scrolls of identify
 r - 6 scrolls of blinking
 u - 12 scrolls of teleportation
 C - 7 scrolls of enchant weapon
 I - 4 scrolls of fear
 N - 4 scrolls of fog
 U - a scroll of butterflies
Potions
 e - a potion of cancellation
 g - a potion of resistance
 k - 4 potions of haste
 l - 3 potions of lignification
 n - a potion of berserk rage
 p - a potion of brilliance
 q - 4 potions of ambrosia
 s - 2 potions of magic
 A - 7 potions of degeneration
 G - 7 potions of flight
 V - 2 potions of might
Miscellaneous
 v - a tin of tremorstones (2/2)


   Skills:
 - Level 12.0 Fighting
 - Level 12.1 Axes
 + Level 15.5 Armour
 + Level 16.0 Dodging
 - Level 11.0 Shields
 + Level 20.3 Invocations


You had 17 spell levels left.
You didn't know any spells.
Your spell library contained the following spells:

 Spells                   Type           Power      Damage    Failure   Level
 Apportation              Tloc           0%         N/A       67%         1
 Necrotise                Necr           0%         1d4       67%         1
 Summon Small Mammal      Summ           0%         N/A       67%         1
 Dazzling Flash           Conj/Hex       0%         N/A       95%         3
 Inner Flame              Hex/Fire       0%         N/A       95%         3
 Ozocubu's Armour         Ice            0%         N/A       95%         3
 Portal Projectile        Hex/Tloc       0%         N/A       95%         3
 Tukima's Dance           Hex            0%         N/A       95%         3
 Volatile Blastmotes      Fire/Tloc      0%         2d10      95%         3
 Anguish                  Hex/Necr       0%         N/A       100%        4
 Animate Dead             Necr           0%         N/A       100%        4
 Cause Fear               Hex            0%         N/A       100%        4
 Flame Wave               Conj/Fire      0%         2d4       100%        4
 Iskenderun's Mystic Bla  Conj/Tloc      0%         2d3       100%        4
 Leda's Liquefaction      Hex/Erth       0%         N/A       100%        4
 Manifold Assault         Tloc           0%         N/A       100%        4
 Passage of Golubria      Tloc           0%         N/A       100%        4
 Sticky Flame             Conj/Fire      0%         2d3       100%        4
 Blade Hands              Tmut           0%         N/A       100%        5
 Borgnjor's Vile Clutch   Necr/Erth      0%         N/A       100%        5
 Irradiate                Conj/Tmut      0%         3d11      100%        5
 Lee's Rapid Deconstruct  Erth           0%         3d4*      100%        5
 Yara's Violent Unravell  Hex/Tmut       0%         3d3       100%        5
 Death Channel            Necr           0%         N/A       100%        6
 Dispersal                Tloc           0%         N/A       100%        6
 Starburst                Conj/Fire      0%         6d3       100%        6
 Statue Form              Tmut/Erth      0%         N/A       100%        6
 Dragon Form              Tmut           0%         N/A       100%        7
 Enfeeble                 Hex            0%         N/A       100%        7
 Ozocubu's Refrigeration  Ice            0%         4d7       100%        7
 Disjunction              Tloc           0%         N/A       100%        8


Dungeon Overview and Level Annotations

Branches:
Dungeon (15/15)            Temple (1/1) D:7            Lair (5/5) D:10
  Swamp (1/4) Lair:3        Snake (4/4) Lair:2        Slime (2/5) Lair:4
    Orc (2/2) D:11            Elf (0/3) Orc:2        Vaults (0/5) D:13
 Depths (0/4) D:15

Altars:
Ashenzari
Cheibriados
Dithmenos
Fedhas
Gozag
Hepliaklqana
Kikubaaqudgha
Makhleb
Nemelex Xobeh
Okawaru
Qazlal
Ru
Sif Muna
Trog
Uskayaw
Vehumet
Wu Jian
Xom
Yredelemnul
Jiyva

Shops:
D:4 (   D:15 *   Orc:2 :[((   Snake:3 ??

Annotations:
D:14 Roxanne


Innate Abilities, Weirdness & Mutations

You have hooves in place of feet.
You are completely covered in thin metallic scales. (AC +4, rElec)
You regenerate health from kills.
When hurt, damage is shared between your health and your magic reserves.
You regenerate magic rapidly.
When low on magic, you restore magic in place of health.
You have an uncontrollable temper.
Your spells are a little harder to cast, but a little more powerful.
Potions are less effective at restoring your health.
Your movements are slightly less encumbered by armour. (ER -2)


Message History

The acid blob spits acid at you. The splash of acid hits you. You resist.
* * * LOW HITPOINT WARNING * * *
You fade further into invisibility.
The golden eye blinks at you.
You are more confused.
The golden eye is engulfed in blazing flames.
You kill the golden eye!
Qazlal accepts your kill. The acid blob misses you. The acid blob hits you!!
* * * LOW HITPOINT WARNING * * *
You are splashed with acid.
You resist.
* * * LOW HITPOINT WARNING * * *
The acid blob misses you. The golden eye blinks at you.
The golden eye is engulfed in freezing vapours.
The golden eye blinks at you.
You are more confused.
The shining eye is engulfed in blazing flames.
You are more confused.
Your system partially rejects the healing.
You feel invigorated. The golden eye blinks at you.
The acid blob barely misses you. The acid blob closely misses you.
The acid blob is engulfed in a thunderstorm.
The acid blob closely misses you. The golden eye blinks at you.
The golden eye is engulfed in blazing flames.
You kill the golden eye!
Qazlal accepts your kill.
Okay, then.
You're too confused to move!
The acid blob spits acid at you. The splash of acid hits you! You resist.
* * * LOW HITPOINT WARNING * * *
The acid blob completely misses you. The golden eye blinks at you.
The acid blob is engulfed in a thunderstorm.
The acid blob hits you!!
You die...

##.#.##.##....####
#..............##.
#............#.#.
##
#..............##
...
#........###....~
.... ##......###
#.... .....
#.....### ##..~
#.....##.○...###.#
#..##
#..<☼°@.☼........
## #.
......JJJ.........
#.
.#...GGG○.........
##
##.......#....#..
#....#..#........
.............#.#..
............######
>...>......#.
.............


You could see 3 acid blobs, a shining eye and 2 golden eyes.

Vanquished Creatures
  Vashnia (Snake:4)
  Bai Suzhen (Snake:4)
  A bone dragon (Abyss:2)
  4 acid blobs
  Frances (D:14)
  An azure jelly (Slime:2)
  A tengu reaver (D:14)
  5 rockslimes
  7 nagarajas
  An orc warlord (Orc:2)
  5 very ugly things (Abyss:2)
  A stone giant (D:14)
  An ettin (D:15)
  2 great orbs of eyes (Slime:2)
  A fire dragon (Lair:5)
  Fannar (Lair:2)
  3 hydras
  4 salamander tyrants
  4 vault guards (D:13)
  An ice dragon (Lair:5)
  Erica (D:11)
  6 anacondas
  A catoblepas (D:13)
  3 two-headed ogres
  4 centaur warriors
  2 boulder beetles
  3 tengu warriors
  16 naga warriors
  Urug (D:13)
  6 death yaks
  2 orc high priests (Orc:2)
  12 naga sharpshooters
  2 thrashing horrors (Abyss:2)
  Sonja (Lair:2)
  2 large abominations (Abyss:2)
  A salamander mystic (Snake:3)
  7 shock serpents
  A fire crab (D:14)
  2 skeletal warriors (D:13)
  A wretched star (Abyss:2)
  2 skysharks
  Lodul (D:10)
  2 deep trolls (D:15)
  A goliath frog (Swamp:1)
  2 lindwurms (Lair:5)
  18 naga ritualists
  A swamp dragon (Lair:5)
  3 orc knights
  2 wizards
  3 deep elf pyromancers
  A necromancer (D:15)
  A phantasmal warrior (Abyss:2)
  A deep elf zephyrmancer (D:14)
  An oklob plant (Orc:2)
  16 mana vipers
  9 ugly things
  3 manticores
  4 orc sorcerers
  The ghost of tkbsonic5 the Shooter, a novice HuHu of Hepliaklqana (D:6)
  8 cyclopes
  38 black mambas
  19 salamanders
  19 elephants
  8 guardian serpents
  7 centaur zombies (D:10)
  Maurice (D:8)
  20 naga magi
  An eye of devastation (Slime:1)
  12 torpor snails
  2 gargoyles
  7 cane toads
  A smoke demon (Abyss:2)
  A freezing wraith (D:14)
  Maggie (D:6)
  2 efreet
  3 kobold demonologists
  6 rime drakes
  2 unseen horror zombies (D:10)
  3 komodo dragons
  2 tengu conjurers (D:14)
  An ancient zyme (Abyss:2)
  3 tyrant leeches (Lair:5)
  2 queen bees
  9 trolls
  4 meliai
  2 polar bears (Lair:5)
  A hornet (shapeshifter) (D:15)
  13 hornets
  17 blink frogs
  15 dream sheep
  45 slime creatures
  A centaur simulacrum (D:14)
  A spriggan (shapeshifter) (D:13)
  5 vampires
  5 wraiths
  5 shadows (D:10)
  A spriggan (D:9)
  8 wyverns
  57 yaks
  8 golden eyes (Slime:2)
  2 humans (D:13)
  7 basilisks
  4 steam dragons
  8 vampire mosquitoes
  A neqoxec (Abyss:2)
  Menkaure (D:7)
  47 nagas
  A warg (Orc:2)
  7 acid dragons
  15 water moccasins
  Duvessa (D:7)
  2 swamp drakes (Lair:5)
  38 orc warriors
  2 sky beasts
  13 ogres
  2 black bears (D:7)
  3 small abominations (Abyss:2)
  6 wolves
  13 centaurs
  A phantom (D:7)
  5 kobold brigands
  Blork the orc (D:6)
  2 gnoll sergeants
  11 bullfrogs
  2 scorpions
  9 wights
  Dowan (D:7)
  A hornet simulacrum (D:15)
  50 killer bees
  7 howler monkeys
  An electric eel (D:10)
  19 orc priests
  2 hounds
  4 jellies
  2 sleepcaps
  11 iguanas
  30 orc wizards
  11 hell rats
  2 howler monkey zombies (D:10)
  8 gnolls
  6 adders
  10 river rats (Lair:3)
  A shadow imp (D:5)
  2 white imps
  3 ufetubi
  3 worms
  2 dart slugs
  80 orcs
  11 bats
  5 endoplasms
  2 giant cockroaches
  4 goblins
  10 hobgoblins
  3 jackals (D:1)
  25 kobolds
  6 quokkas
  7 ball pythons
  5 frilled lizards
  20 rats
1116 creatures vanquished.

Vanquished Creatures (collateral kills)
  A very ugly thing (Abyss:2)
  An orc warrior (Orc:2)
2 creatures vanquished.

Vanquished Creatures (others)
  An ogre mage (D:13)
  A shadow wraith (D:13)
  A black mamba (Snake:1)
3 creatures vanquished.

Grand Total: 1121 creatures vanquished

Notes
Turn   | Place    | Note
-------+----------+-------------------------------------------
     0 | D:1      | lonewolfV2 the Demonspawn Fighter began the quest for the
                  | Orb.
     0 | D:1      | Reached XP level 1. HP: 18/18 MP: 1/1
    65 | D:1      | Reached skill level 1 in Dodging
   122 | D:1      | Gained mutation: You regenerate a little health from kills.
                  | [demonic ancestry]
   122 | D:1      | Reached XP level 2. HP: 24/24 MP: 2/2
   715 | D:2      | Gained mutation: You regenerate magic rapidly. [demonic
                  | ancestry]
   715 | D:2      | Reached XP level 3. HP: 29/29 MP: 3/3
  1375 | D:3      | Gained mutation: You regenerate health from kills. [demonic
                  | ancestry]
  1375 | D:3      | Reached XP level 4. HP: 32/35 MP: 4/4
  1946 | D:4      | Noticed an ogre
  1957 | D:4      | Killed an ogre
  1958 | D:4      | Gained mutation: You have large cloven feet. [demonic
                  | ancestry]
  1958 | D:4      | Reached XP level 5. HP: 41/41 MP: 5/5
  2118 | D:4      | Gained mutation: When hurt, damage is shared between your
                  | health and your magic reserves. [demonic ancestry]
  2118 | D:4      | Reached XP level 6. HP: 42/47 MP: 6/6
  2348 | D:4      | Found Nonweihi's Antique Weapon Boutique.
  2565 | D:5      | Entered Level 5 of the Dungeon
  2914 | D:5      | Reached skill level 5 in Dodging
  3303 | D:5      | Reached XP level 7. HP: 46/52 MP: 5/7
  3857 | D:6      | Reached skill level 5 in Armour
  3888 | D:6      | Noticed Maggie
  3915 | D:6      | Killed Maggie
  3916 | D:6      | Gained mutation: You are partially covered in thin metallic
                  | scales. (AC +2) [demonic ancestry]
  3916 | D:6      | Reached XP level 8. HP: 21/58 MP: 4/8
  4228 | D:6      | Noticed Blork the orc
  4246 | D:6      | Killed Blork the orc
  4813 | D:6      | Found a runed translucent door.
  4820 | D:6      | Noticed tkbsonic5's ghost (novice HuHu)
  5080 | D:6      | Killed tkbsonic5's ghost
  5160 | D:7      | Gained mutation: You are mostly covered in thin metallic
                  | scales. (AC +3) [demonic ancestry]
  5160 | D:7      | Reached XP level 9. HP: 46/63 MP: 9/9
  5351 | D:4      | Bought an encrusted broad axe for 243 gold pieces
  5351 | D:4      | Identified the +10 broad axe of Exoneration {flame, rN+
                  | Int+2 Dex+2} (You bought it in a shop on level 4 of the
                  | Dungeon)
  5445 | D:7      | Found an iron altar of Okawaru.
  5479 | D:7      | Noticed Menkaure
  5480 | D:7      | Noticed Duvessa
  5482 | D:7      | Noticed Dowan
  5483 | D:7      | Killed Menkaure
  5487 | D:7      | Killed Duvessa
  5491 | D:7      | Killed Dowan
  5500 | D:7      | Found a staircase to the Ecumenical Temple.
  5577 | D:7      | Noticed a two-headed ogre
  5607 | Temple   | Entered the Ecumenical Temple
  5607 | Temple   | Noticed a tormentor
  5607 | Temple   | Noticed a shadow demon
  5608 | Temple   | Noticed Xapsupt the pandemonium lord
  5608 | Temple   | Noticed Atzuiw the pandemonium lord
  5609 | Temple   | Noticed a Hell Sentinel
  5637 | Temple   | Noticed a sun demon
  5637 | Temple   | Noticed Leorraef the pandemonium lord
  5637 | Temple   | Noticed a smoke demon
  5655 | Temple   | Noticed a green death
  5656 | Temple   | Noticed Cozamem the pandemonium lord
  5666 | Temple   | Noticed a cacodemon
  5666 | Temple   | Noticed a green death
  5667 | Temple   | Noticed Syuda the pandemonium lord
  5684 | Temple   | Noticed an Executioner
  5684 | Temple   | Noticed an Executioner
  5685 | Temple   | Noticed Ryopenlesmi the pandemonium lord
  5685 | Temple   | Noticed an Executioner
  5757 | Temple   | Became a worshipper of Qazlal Stormbringer
  5791 | D:7      | Killed a two-headed ogre
  6049 | D:8      | Noticed a two-headed ogre
  6362 | D:7      | Gained mutation: You have hoof-like feet. [demonic
                  | ancestry]
  6362 | D:7      | Reached XP level 10. HP: 34/70 MP: 4/10
  6365 | D:7      | Killed a two-headed ogre
  6366 | D:7      | Reached skill level 10 in Dodging
  6520 | D:8      | Noticed Maurice
  6684 | D:8      | Reached * piety under Qazlal
  6685 | D:8      | Reached skill level 10 in Armour
  6689 | D:8      | Killed Maurice
  6757 | D:8      | Identified the amulet of Ocefeneh {Acrobat -Cast Fly rPois
                  | rN++}
  6834 | D:8      | Reached skill level 1 in Invocations
  7262 | D:9      | Reached skill level 2 in Invocations
  7308 | D:9      | Identified the +5 scale mail of the Villain {Dex+4}
  7447 | D:9      | Reached ** piety under Qazlal
  7456 | D:9      | Reached skill level 3 in Invocations
  7611 | D:9      | Gained mutation: You have hooves in place of feet. [demonic
                  | ancestry]
  7611 | D:9      | Reached XP level 11. HP: 77/77 MP: 13/13
  7975 | D:10     | Entered Level 10 of the Dungeon
  7986 | D:10     | Reached skill level 4 in Invocations
  8000 | D:10     | Reached skill level 5 in Axes
  8023 | D:10     | Reached skill level 5 in Invocations
  8025 | D:10     | Reached skill level 5 in Fighting
  8042 | D:10     | Reached skill level 6 in Invocations
  8084 | D:10     | Noticed Lodul
  8084 | D:10     | Reached *** piety under Qazlal
  8092 | D:10     | Killed Lodul
  8396 | D:10     | Reached skill level 7 in Invocations
  8456 | D:10     | Found a staircase to the Lair.
  8775 | D:10     | Reached XP level 12. HP: 89/89 MP: 17/17
  8929 | D:11     | Noticed Erica
  8936 | D:11     | Killed Erica
  8939 | D:11     | Reached skill level 8 in Invocations
  9038 | D:11     | Found a staircase to the Orcish Mines.
  9079 | D:11     | Reached **** piety under Qazlal
  9208 | D:11     | Found a frozen archway.
  9306 | D:11     | Reached skill level 9 in Invocations
  9512 | D:11     | Gained mutation: You sometimes lose your temper in combat.
                  | [potion of mutation]
  9512 | D:11     | Gained mutation: You occasionally shout uncontrollably at
                  | your foes. [potion of mutation]
  9512 | D:11     | Gained mutation: You are covered in fur. (AC +1) [potion of
                  | mutation]
  9512 | D:11     | Gained mutation: Your muscles are strong. (Str +4, Int/Dex
                  | -1) [potion of mutation]
  9513 | D:11     | Lost mutation: You sometimes lose your temper in combat.
                  | [potion of mutation]
  9513 | D:11     | Lost mutation: Your muscles are strong. (Str +4, Int/Dex
                  | -1) [potion of mutation]
  9513 | D:11     | Lost mutation: You are covered in fur. (AC +1) [potion of
                  | mutation]
  9513 | D:11     | Gained mutation: You are covered in fur. (AC +1) [potion of
                  | mutation]
  9513 | D:11     | Gained mutation: You are weak. (Str -2) [potion of
                  | mutation]
  9513 | D:11     | Gained mutation: You have a pair of small antennae on your
                  | head. [potion of mutation]
  9513 | D:11     | Gained mutation: Your flesh is cold resistant. (rC+)
                  | [potion of mutation]
 10056 | D:12     | Noticed a two-headed ogre
 10061 | D:12     | Killed a two-headed ogre
 10062 | D:12     | Reached skill level 10 in Invocations
 10116 | D:12     | Identified the scarf of Discretion {repulsion, rC- Dex+5}
 10666 | D:13     | Noticed a boulder beetle
 10684 | D:13     | Killed a boulder beetle
 10747 | D:13     | Noticed a centaur warrior
 10749 | D:13     | Noticed Urug
 10754 | D:13     | Killed a centaur warrior
 10756 | D:13     | Noticed a catoblepas
 10760 | D:13     | Reached skill level 11 in Invocations
 10760 | D:13     | Reached XP level 13. HP: 96/101 MP: 21/21
 10763 | D:13     | Killed Urug
 10917 | D:13     | Reached skill level 10 in Axes
 11102 | D:13     | Paralysed by an orc sorcerer for 2 turns
 11105 | D:13     | Reached skill level 12 in Invocations
 11113 | D:13     | Paralysed by an orc sorcerer for 3 turns
 11123 | D:13     | Reached skill level 10 in Fighting
 11344 | D:13     | Found a gate to the Vaults.
 11535 | D:13     | Reached ***** piety under Qazlal
 11665 | D:14     | Identified Roxanne's Papyrus of Reformation
 11665 | D:14     | Noticed Roxanne
 11674 | D:14     | Reached skill level 13 in Invocations
 11783 | Abyss:2  | Cast into level 2 of the Abyss (a wizard)
 11831 | Abyss:2  | Noticed a white very ugly thing
 11837 | Abyss:2  | Killed a white very ugly thing
 11928 | D:14     | Escaped the Abyss
 11934 | D:14     | Reached XP level 14. HP: 84/113 MP: 22/24
 11971 | D:14     | Noticed Frances
 11986 | D:14     | Killed Frances
 12067 | D:14     | Lost mutation: Your flesh is cold resistant. (rC+) [potion
                  | of mutation]
 12067 | D:14     | Lost mutation: You are covered in fur. (AC +1) [potion of
                  | mutation]
 12067 | D:14     | Gained mutation: You have a pair of antennae on your head.
                  | [potion of mutation]
 12067 | D:14     | Gained mutation: You are resistant to electric shocks.
                  | (rElec) [potion of mutation]
 12068 | D:14     | Lost mutation: You are weak. (Str -2) [potion of mutation]
 12068 | D:14     | Lost mutation: You are resistant to electric shocks.
                  | (rElec) [potion of mutation]
 12068 | D:14     | Lost mutation: You have a pair of antennae on your head.
                  | [potion of mutation]
 12068 | D:14     | Gained mutation: Your spells are a little harder to cast,
                  | but a little more powerful. [potion of mutation]
 12068 | D:14     | Gained mutation: Your muscles are strong. (Str +4, Int/Dex
                  | -1) [potion of mutation]
 12366 | D:14     | Noticed a tengu reaver
 12376 | D:14     | Killed a tengu reaver
 12377 | D:14     | Reached skill level 14 in Invocations
 12647 | D:14     | Noticed a stone giant
 12656 | D:14     | Killed a stone giant
 12781 | D:15     | Entered Level 15 of the Dungeon
 12876 | D:15     | Found a staircase to the Depths.
 12988 | D:15     | Found Hiatwul's Assorted Antiques.
 13634 | Orc:1    | Entered Level 1 of the Orcish Mines
 14234 | Orc:2    | Entered Level 2 of the Orcish Mines
 14245 | Orc:2    | Reached skill level 15 in Invocations
 14298 | Orc:2    | Reached ****** piety under Qazlal
 14353 | Orc:2    | Found a staircase to the Elven Halls.
 14800 | Orc:2    | Noticed an orc warlord
 14811 | Orc:2    | Killed an orc warlord
 14812 | Orc:2    | Reached skill level 5 in Shields
 14942 | Orc:2    | Found Umputugu's Book Boutique.
 15047 | Orc:2    | Found Utulit's Antique Armour Shop.
 15053 | Orc:2    | Found Asacergh's Antique Weapon Boutique.
 15062 | Orc:2    | Bought a pair of glowing gloves for 277 gold pieces
 15311 | Orc:2    | Found Jemyi's Antique Weapon Boutique.
 15422 | Lair:1   | Entered Level 1 of the Lair of Beasts
 15701 | Lair:1   | Gained mutation: You are completely covered in thin
                  | metallic scales. (AC +4, rElec) [demonic ancestry]
 15701 | Lair:1   | Reached XP level 15. HP: 120/120 MP: 26/26
 16178 | Lair:2   | Noticed Fannar
 16190 | Lair:2   | Killed Fannar
 16275 | Lair:2   | Found a staircase to the Snake Pit.
 16411 | Lair:2   | Noticed Sonja
 16418 | Abyss:2  | Cast into level 2 of the Abyss (Sonja)
 16559 | Abyss:2  | Gained mutation: You are clumsy. (Dex -2) [a neqoxec]
 16561 | Abyss:2  | Noticed a bone dragon
 16563 | Abyss:2  | Gained mutation: You occasionally lose the ability to read
                  | scrolls when taking damage. [a neqoxec]
 16578 | Abyss:2  | Killed a bone dragon
 16583 | Lair:2   | Escaped the Abyss
 16595 | Lair:2   | Killed Sonja
 16631 | Lair:2   | Reached skill level 10 in Shields
 17250 | Lair:3   | Found a staircase to the Swamp.
 17734 | Lair:3   | Identified the +6 war axe "Peteuss" {protect, rC++ rN+++
                  | Will-}
 17872 | Swamp:1  | Entered Level 1 of the Swamp
 18599 | Lair:4   | Found a snail-covered altar of Cheibriados.
 18632 | Lair:4   | Found a runed translucent door.
 18632 | Lair:4   | Found a viscous altar of Jiyva.
 18634 | Lair:4   | Noticed an acid blob
 18635 | Lair:4   | Found a staircase to the Slime Pits.
 18895 | Lair:5   | Entered Level 5 of the Lair of Beasts
 18974 | Lair:5   | Reached XP level 16. HP: 127/127 MP: 25/27
 19321 | Lair:5   | Found a runed translucent door.
 19981 | Snake:1  | Entered Level 1 of the Snake Pit
 20397 | Snake:1  | Found a flickering gateway to a bazaar.
 20920 | Snake:2  | You are sucked into a shaft and drop 1 floor!
 20946 | Snake:3  | Gained mutation: When low on magic, you restore magic in
                  | place of health. [demonic ancestry]
 20946 | Snake:3  | Reached XP level 17. HP: 133/133 MP: 28/28
 20972 | Snake:3  | Identified a scroll of acquirement
 20973 | Snake:3  | Acquired a manual of Invocations
 21362 | Snake:3  | Found Hughi's Magic Scroll Shoppe.
 21418 | Snake:3  | Found Emeschal's Magic Scroll Shoppe.
 21474 | Snake:3  | Reached skill level 16 in Invocations
 22432 | Snake:4  | Entered Level 4 of the Snake Pit
 23180 | Snake:4  | Noticed Bai Suzhen
 23182 | Snake:4  | Reached skill level 17 in Invocations
 23191 | Snake:4  | Killed Bai Suzhen
 23192 | Snake:4  | Reached skill level 15 in Dodging
 23194 | Snake:4  | Found a radiant altar of Vehumet.
 23723 | Snake:4  | Reached skill level 18 in Invocations
 23748 | Snake:4  | Noticed Vashnia
 23768 | Snake:4  | Killed Vashnia
 23792 | Snake:4  | Reached skill level 15 in Armour
 24707 | Snake:4  | Got a serpentine rune of Zot
 24749 | Snake:4  | Reached skill level 19 in Invocations
 24886 | Snake:4  | Reached XP level 18. HP: 140/140 MP: 31/31
 25726 | Slime:1  | Entered Level 1 of the Pits of Slime
 26162 | Slime:2  | Reached skill level 20 in Invocations
 26404 | Lair:2   | Lost mutation: You occasionally shout uncontrollably at
                  | your foes. [potion of mutation]
 26404 | Lair:2   | Lost mutation: You have a pair of small antennae on your
                  | head. [potion of mutation]
 26404 | Lair:2   | Lost mutation: You are clumsy. (Dex -2) [potion of
                  | mutation]
 26404 | Lair:2   | Gained mutation: Your spells are harder to cast, but more
                  | powerful. [potion of mutation]
 26404 | Lair:2   | Lost mutation: Your muscles are strong. (Str +4, Int/Dex
                  | -1) [potion of mutation]
 26404 | Lair:2   | Gained mutation: Your system is resistant to poisons.
                  | (rPois) [potion of mutation]
 26449 | Lair:1   | Lost mutation: You occasionally lose the ability to read
                  | scrolls when taking damage. [potion of mutation]
 26449 | Lair:1   | Lost mutation: Your spells are harder to cast, but more
                  | powerful. [potion of mutation]
 26449 | Lair:1   | Lost mutation: Your system is resistant to poisons. (rPois)
                  | [potion of mutation]
 26449 | Lair:1   | Gained mutation: You sometimes lose your temper in combat.
                  | [potion of mutation]
 26449 | Lair:1   | Gained mutation: You have an uncontrollable temper. [potion
                  | of mutation]
 26449 | Lair:1   | Gained mutation: Potions are less effective at restoring
                  | your health. [potion of mutation]
 26449 | Lair:1   | Gained mutation: Your movements are slightly less
                  | encumbered by armour. (ER -2) [potion of mutation]
 26886 | Slime:2  | HP: 3/140 [acid blob (14)]
 26886 | Slime:2  | HP: 1/140 [acid (2)]
 26888 | Slime:2  | Demolished by an acid blob

Illustrated notes

Levels and vault maps discovered:
D:1:      dpeg_arrival_shrine, layout_basic, minmay_misc_feat_four_crosses,
          minmay_bisected
D:2:      layout_rooms, minmay_split_cup_large
D:3:      layout_loops_cross
D:4:      layout_basic, serial_shops, shop
D:5:      cheibrodos_thug_alley, layout_loops_corners, kennysheep_cross_room
D:6:      layout_basic, ebering_ghost_sewer_d, uniq_blork_the_orc, uniq_maggie
D:7:      layout_cave_pools, okawaru_trees_2, minmay_temple_entry_stoned_glass,
          uniq_duvessa, uniq_menkaure
D:8:      layout_basic, minmay_starry_boxes, uniq_maurice
D:9:      layout_irregular_city, minmay_misc_feat_nine_boxes, the_hattery
D:10:     layout_basic, lair_entry_dummy, serial_undead, serial_undead_f,
          serial_undead_d, serial_undead_a, serial_undead_b, serial_undead_f,
          serial_undead_c, serial_undead_f, serial_undead_b, uniq_lodul
D:11:     layout_roguey, david_orc_2, portal_ice_cave_entry_pillars_1,
          uniq_erica
D:12:     layout_stronghold
D:13:     nzn_winding_woodlands_three_and_one
          [nzn_winding_woodlands_5x15_default, nzn_winding_woodlands_5x15_cabin,
          nzn_winding_woodlands_5x15_crooked,
          nzn_winding_woodlands_center_triple_pond], layout_basic,
          grunt_vaults_entry_fortified, special_room [special_room_bee],
          uniq_urug
D:14:     layout_cave_pools, serial_park_tiny_2,
          dilly_guarded_unrand_elemental_staff, uniq_roxanne, uniq_frances
D:15:     hangedman_depths_entry_civil_slaughter, layout_gridville,
          serial_glass, glass_columns_c, glass_columns_a, serial_shops,
          nicolae_inconvenience_store
Temple:   nicolae_temple_panitentiary
Lair:1:   layout_concentric_octagons, nicolae_lair_grove_arrangements,
          minivault_19
Lair:2:   regret_index_combs_of_tragedy, layout_chaotic_city,
          minmay_snake_entry_spellcaster, hangedman_lair_unloving_vines,
          uniq_fannar, uniq_sonja
Lair:3:   lemuel_ratsnest, layout_misc_corridors, swamp_mist
Lair:4:   layout_loops_ring, slime_entry_2, kennysheep_snail_temple
Lair:5:   wormcave, layout_gridlike, guppyfry_lair_end_dragon
Swamp:1:  layout_falls_marsh, evilmike_swamp_ruin_house_5,
          infiniplex_staircase_pool_2
Snake:1:  layout_gridlike, serial_shops, bzr_firewalk, st_stairs_2,
          lemuel_fruit_tree
Snake:2:  layout_misc_corridors, grunt_ministairs_11, evilmike_ambush
          [evilmike_ambush_outer_basic, evilmike_ambush_inner_basic]
Snake:3:  layout_cave_town, serial_shops, shop, nicolae_stop_n_shop_2
Snake:4:  johnstein_snake_rune_scales, layout_cave_town, basic_altar,
          grunt_megastairs_5, uniq_vashnia, uniq_bai_suzhen
Slime:1:  layout_caves, nicolae_slime_phagocytosis
Slime:2:  cheibrodos_slime_lost_civilization_3, layout_caves
Orc:1:    layout_caves, guppyfry_library_mini
Orc:2:    grunt_orc_community_town_hall, layout_caves,
          grunt_orc_community_big_house_2, grunt_orc_community_big_house_1,
          grunt_orc_community_house_2, grunt_orc_community_house_1,
          grunt_orc_community_house_2, grunt_orc_community_house_2,
          grunt_orc_community_house_1, mines3_lemuel

Skill      XL: |  1  2  3  4  5  6  7  8  9 10 11 12 13 14 15 16 17 18 |
---------------+-------------------------------------------------------+-----
Dodging        | 1 2 3 4 5 6 7 9 11 12 14 15 16 | 16.0
Armour         | 3 4 6 8 9 10 11 13 15 | 15.5
Axes           | 4 7 9 11 12 | 12.1
Invocations    | 3 7 11 13 15 19 20 | 20.3
Fighting       | 4 6 9 11 12 | 12.0
Shields        | 6 11 | 11.0

Action                     |  1- 3 |  4- 6 |  7- 9 | 10-12 | 13-15 | 16-18 || total
---------------------------+-------+-------+-------+-------+-------+-------++-------
  Melee: War axe           |   132 |   133 |   122 |       |     3 |       ||   390
         Kick              |       |    21 |    50 |   118 |   271 |   231 ||   691
         Broad axe         |       |       |    51 |   330 |   741 |   591 ||  1713
 Invoke: Elemental Force   |       |       |       |       |     3 |     2 ||     5
         Upheaval          |       |       |       |       |     1 |     1 ||     2
         Disaster Area     |       |       |       |       |       |     2 ||     2
  Evoke: Wand              |       |       |     8 |       |     4 |       ||    12
    Use: Scroll            |     8 |     3 |     3 |    11 |     5 |     5 ||    35
         Potion            |       |       |     5 |     2 |     3 |    24 ||    34
   Stab: Paralysed         |       |       |       |       |     1 |     1 ||     2
         Invisible         |       |       |       |       |     2 |       ||     2
 Armour: Scale mail        |    82 |    84 |    64 |   116 |   246 |   186 ||   778
         Chain mail        |       |       |    40 |    44 |       |       ||    84
  Dodge: Dodged            |    88 |    84 |   161 |   323 |   537 |   546 ||  1739
         Repelled          |       |       |       |     3 |     9 |    46 ||    58
  Block: Buckler           |    56 |    18 |       |       |       |       ||    74
         Kite shield       |       |    54 |   140 |   352 |   976 |   945 ||  2467
         Reflection        |       |       |       |       |       |    42 ||    42
